 Dungeon Crawl Stone Soup version 0.29.0-7-g18a832c13a (webtiles) character file.

Game seed: 11396504943435527623

51 Colgate the Insei (level 3, 0/23 HPs)
             Began as an Octopode Transmuter on Aug 30, 2022.
             Succumbed to an adder's poison
             ... on level 2 of the Dungeon.
             The game lasted 00:04:39 (1911 turns).

Colgate the Insei (Octopode Transmuter)             Turns: 1911, Time: 00:04:39

Health: 0/23       AC:  1    Str:  7 (9)  XL:     3   Next: 83%
Magic:  6/6        EV: 13    Int: 16 (17) God:
Gold:   75         SH:  0    Dex:  9 (12) Spells: 3/6 levels left

rFire   . . .      SeeInvis .     - Unarmed
rCold   . . .      Faith    .   (no shield)
rNeg    . . .      Spirit   .   (helmet restricted)
rPois   .          Reflect  .   (no amulet)
rElec   .          Harm     .   (no ring)
rCorr   .          Rampage  .   (no ring)
Will    .....                   (no ring)
Stlth   ++........              (no ring)
HPRegen 0.07/turn               (no ring)
MPRegen 0.10/turn               (no ring)
                                (no ring)
                                (no ring)

@: mighty, lethally poisoned (0 -> -2), weak-willed
A: almost no armour, amphibious, 8 rings, camouflage 1, gelatinous body 1,
(nimble swimmer 1), tentacles
a: no special abilities


You were on level 2 of the Dungeon.
You visited 1 branch of the dungeon, and saw 2 of its levels.

You collected 75 gold pieces.

Inventory:

Missiles
 i - 6 silver boomerangs
Scrolls
 c - a scroll of identify {unknown}
 f - a scroll of fear {unknown}
 g - a scroll of teleportation {unknown}
 h - a scroll of immolation {unknown}
Potions
 a - a potion of lignification


   Skills:
 - Level 1.0 Fighting
 - Level 2.0 Dodging
 + Level 4.6 Unarmed Combat
 - Level 2.0 Spellcasting
 - Level 2.0 Transmutations


You had 3 spell levels left.
You knew the following spells:

 Your Spells              Type           Power      Damage    Failure   Level
a - Beastly Appendage     Tmut           16%        N/A       9%          1
b - Wereblood             Tmut           8%         N/A       14%         2

Your spell library contained the following spells:

 Spells                   Type           Power      Damage    Failure   Level
 Spider Form              Tmut/Pois      4%         N/A       38%         3
 Ice Form                 Ice/Tmut       4%         N/A       80%         4


Dungeon Overview and Level Annotations

Branches:
Dungeon (2/15)

Altars:

Shops:
D:1 :


Innate Abilities, Weirdness & Mutations

You cannot wear most types of armour.
You are amphibious.
You can wear up to eight rings at the same time.
Your skin changes colour to match your surroundings (Stealth+).
Your rubbery body absorbs attacks. (AC +1, EV +1)
((You are camouflaged when in or above water. (Stealth+)))
You have tentacles for arms and can constrict up to eight enemies at once.


Message History

The adder poisons you!
You barely miss the adder. Your grab misses the adder.
Your squeeze misses the adder.
You feel sick. The adder completely misses you.
You closely miss the adder. Your grab misses the adder.
You feel sick. The adder bites you.
You tentacle-slap the adder. Your grab misses the adder.
Your squeeze misses the adder.
You feel sick. The adder bites you. x2
You are lethally poisoned!
The adder poisons you!
You tentacle-slap the adder. Your grab misses the adder.
You feel very sick. The adder closely misses you.
You tentacle-slap the adder but do no damage.
Your grab misses the adder. You tentacle-slap the adder.
You feel sick. The adder closely misses you.
You closely miss the adder. Your grab misses the adder.
* * * LOW HITPOINT WARNING * * *
You feel sick. The adder bites you.
* * * LOW HITPOINT WARNING * * *
You barely miss the adder. You grab the adder. You constrict the adder.
* * * LOW HITPOINT WARNING * * *
You feel sick. The adder misses you. The adder closely misses you.
You tentacle-slap the adder.
You kill the adder!
* * * LOW HITPOINT WARNING * * *
You feel sick.
Okay, then.
Okay, then.
It was a potion of degeneration.
There was something very wrong with that liquid.
You feel weakened.
You feel dopey.
You feel clumsy.
* * * LOW HITPOINT WARNING * * *
You feel sick.
It was a potion of might.
You feel very mighty all of a sudden.
* * * LOW HITPOINT WARNING * * *
You feel sick.
As you read the scroll labelled TUROUDW ZATYCKA, it crumbles to dust.
Magic quickly surges around you.
It was a scroll of vulnerability.
You die...

#### #.. # #.# ...
##.## #####.....
#######...###.........
#..........##.# .....
#.####.......@##......
#.# #......#....# #.#
##.#....###....# ##.##
#...#### .....
##...####.... #!#.
##.#........### #
#.##.##..##...
...........#
#.##.##..#.#


There were no monsters in sight!

Vanquished Creatures
  2 adders (D:2)
  A worm (D:2)
  2 dart slugs (D:1)
  4 bats
  2 endoplasms (D:1)
  2 giant cockroaches (D:1)
  4 hobgoblins (D:1)
  2 quokkas (D:1)
  2 ball pythons
  A goblin (D:1)
  2 kobolds (D:1)
  3 rats
27 creatures vanquished.

Notes
Turn   | Place    | Note
-------+----------+-------------------------------------------
     0 | D:1      | Colgate the Octopode Transmuter began the quest for the
                  | Orb.
     0 | D:1      | Reached XP level 1. HP: 13/13 MP: 3/3
    57 | D:1      | Reached XP level 2. HP: 5/18 MP: 5/5
   269 | D:1      | Learned a level 2 spell: Wereblood
   404 | D:1      | Found Fuzalaniacw's Book Shoppe.
   975 | D:1      | Reached skill level 4 in Unarmed Combat
  1078 | D:1      | Reached XP level 3. HP: 19/23 MP: 6/6
  1910 | D:2      | HP: 1/23 [poisoned by an adder]
  1911 | D:2      | Succumbed to an adder's poison

Illustrated notes

Levels and vault maps discovered:
D:1:      wheals_arrival_shading, layout_basic, serial_shops,
          nicolae_lakefront_shop
D:2:      layout_loops_ring, basic_altar, grunt_decor_junction, minivault_11,
          uniq_robin

Skill      XL: |  1  2 |
---------------+-------+-----
Unarmed Combat | 4 |  4.6
Fighting       | |  1.0
Dodging        | |  2.0
Spellcasting   | |  2.0
Transmutations | |  2.0

Action                   || total
-------------------------++-------
Melee: Unarmed           ||    75
       Constrict         ||    17
       Tentacles         ||    17
       Punch             ||     5
       Kick              ||     1
 Cast: Beastly Appendage ||     1
  Use: Potion            ||     2
       Scroll            ||     1
 Stab: Sleeping          ||     3
       Distracted        ||     1
Armor: Skin              ||    12
Dodge: Dodged            ||    45
